[Event "Titled Tuesday Blitz October 18 Late 2022"]
[White "Ozalp, Burak"]
[Black "Ezat, Mohamed"]
[WhiteFideId "6314210"]
[BlackFideId "10600906"]
[WhiteElo "2106"]
[BlackElo "2386"]
[Result "1-0"]
[Round "06"]
[TimeControl "180+1"]
[Date "2022.10.19"]
[WhiteClock "0:00:10"]
[BlackClock "0:00:48"]

1. d4 Nf6 2. Nc3 d5 3. Bg5 Nbd7 4. Qd3 c5 5. e4 cxd4 6. Qxd4 e5 7. Qd2 d4 8. Nd5 Nxe4 9. Bxd8 Nxd2 10. Bg5 f6 11. Bxd2 Kf7 12. Bc4 Kg6 13. c3 Bc5 14. cxd4 Bxd4 15. Nc3 Nb6 16. Bb3 Rd8 17. Rd1 Bg4 18. f3 Bf5 19. Nge2 a5 20. Nxd4 exd4 21. Ne4 a4 22. Bc2 d3 23. Bb1 Nc4 24. Bc3 a3 25. b3 Nb2 26. Bxb2 axb2 27. g4 Bxe4 28. fxe4 Rac8 29. Kd2 Ra8 30. Rhe1 Ra5 31. Re3 h5 32. h3 hxg4 33. hxg4 Rh8 34. Rxd3 Kg5 35. Rd5+ Rxd5+ 36. exd5 Rh2+ 37. Kc3 Kf4 38. d6 Rh8 39. d7 Rd8 40. Bf5 Kg5 41. Kxb2 g6 42. Be6 Kf4 43. Rc1 Ke5 44. Rc8 Kxe6 45. Rxd8 Ke7 46. Rb8 Kxd7 47. Rxb7+ 1-0


[Site "https://www.chess.com"]

[Event "Titled Tuesday Blitz October 18 Late 2022"]
[White "Pakleza, Zbigniew"]
[Black "Zou, Chen"]
[WhiteFideId "1119290"]
[BlackFideId "8610959"]
[WhiteElo "2411"]
[BlackElo "2325"]
[Result "0-1"]
[Round "06"]
[TimeControl "180+1"]
[Date "2022.10.18"]
[WhiteClock "0:00:02"]
[BlackClock "0:00:07"]

1. d4 Nf6 2. Nf3 d5 3. Bf4 c5 4. c3 e6 5. e3 Bd6 6. Bg3 O-O 7. Nbd2 b6 8. Ne5 Bb7 9. f4 Nc6 10. Bd3 Ne7 11. Qb1 g6 12. Bf2 Nc8 13. Bh4 Be7 14. g4 Nd6 15. Bxf6 Bxf6 16. Ke2 cxd4 17. cxd4 Bxe5 18. fxe5 Nc4 19. Nf3 f6 20. Bxg6 fxe5 21. Bxh7+ Kh8 22. Qg6 Rxf3 23. Kxf3 Qh4 24. Ke2 Ba6 25. Qxe6 Qxh7 26. Rac1 Nxb2+ 27. Kf2 Nd3+ 28. Kg3 exd4 29. Qxd5 Rf8 30. Qxd4+ Kg8 31. Qd5+ Kh8 32. Qd4+ Kg8 33. Rcf1 Re8 34. Qd5+ Kh8 35. Qd4+ Kg8 36. Rf5 Qe7 37. Qd5+ Kg7 38. Rg5+ Kh7 39. Rh5+ Kg7 40. Qg5+ Qxg5 41. Rxg5+ Kf6 42. Rf5+ Kg6 43. h4 Rxe3+ 44. Kh2 Re2+ 45. Kg3 Re3+ 46. Kh2 Re2+ 47. Kg3 Bb7 48. h5+ Kg7 49. Rd1 Re3+ 50. Kh4 Bc8 51. Rd5 Nf4 52. Rd8 Ng2+ 53. Kg5 Re5# 0-1


[Site "https://www.chess.com"]

[Event "Titled Tuesday Blitz October 18 Late 2022"]
[White "Papayan, Oleg"]
[Black "Gunduz, Umut Erdem"]
[WhiteFideId "4193911"]
[BlackFideId "6381383"]
[WhiteElo "2153"]
[BlackElo "2182"]
[Result "1/2-1/2"]
[Round "06"]
[TimeControl "180+1"]
[Date "2022.10.19"]
[WhiteClock "0:00:08"]
[BlackClock "0:00:03"]

1. e4 e5 2. Nf3 Nc6 3. Bb5 a6 4. Bxc6 dxc6 5. O-O Bd6 6. d4 exd4 7. Qxd4 f6 8. Be3 Ne7 9. Nbd2 Be6 10. Qc3 Ng6 11. Nc4 Bxc4 12. Qxc4 Qe7 13. Rfe1 O-O-O 14. Rad1 Rhe8 15. Bd2 Ne5 16. Nxe5 Qxe5 17. f4 Qxb2 18. Rb1 Qa3 19. Be3 Qa5 20. c3 Rd7 21. g3 Rde7 22. Bf2 g5 23. f5 Be5 24. Rb3 Rd8 25. Reb1 b5 26. Qxc6 Rd6 27. Qa8+ Kd7 28. Bc5 Re8 29. Qb7 Rd2 30. Be3 Rd3 31. c4 bxc4 32. Rxd3+ cxd3 33. Rd1 Qb5 34. Qxb5+ axb5 35. Rxd3+ Kc6 36. Kf2 Ra8 37. a3 Ra4 38. Kf3 h5 39. h3 g4+ 40. hxg4 hxg4+ 41. Kxg4 Rxe4+ 42. Kf3 Ra4 43. Rb3 Bd6 44. Bc1 Kc5 45. g4 Kc4 46. Re3 Bc5 47. Re6 Bd4 48. Rc6+ Kd5 49. Rxc7 Rc4 50. Rxc4 bxc4 51. g5 fxg5 52. Bxg5 c3 53. Ke2 Kc4 54. Kd1 Kb3 55. Bc1 c2+ 56. Ke2 Bf6 57. Kd3 Bb2 58. Kd2 Bc3+ 59. Kd3 Bb2 60. Kd2 Bd4 61. a4 Bc3+ 62. Kd3 Bb4 63. f6 Kxa4 64. f7 Kb5 65. Kxc2 Kc6 66. Kb3 Bf8 67. Ba3 Bg7 68. Kc4 Bh6 69. Bb4 Bg7 70. Ba3 Bh6 71. Kd4 Bg7+ 72. Ke4 Kd7 73. Kf5 Bf8 74. Kg6 Bxa3 75. Kh7 Bf8 76. Kg8 Ke7 77. Kh7 Kxf7 1/2-1/2


[Site "https://www.chess.com"]

[Event "Titled Tuesday Blitz October 18 Late 2022"]
[White "Pham, Khoi"]
[Black "Osmak, Yuliia"]
[WhiteFideId "1054988"]
[BlackFideId "14101602"]
[WhiteElo "2468"]
[BlackElo "2328"]
[Result "0-1"]
[Round "06"]
[TimeControl "180+1"]
[Date "2022.10.19"]
[WhiteClock "0:00:02"]
[BlackClock "0:00:42"]

1. e4 c5 2. Nf3 d6 3. Nc3 a6 4. d4 cxd4 5. Nxd4 Nf6 6. f4 e6 7. Be3 b5 8. Bd3 Nbd7 9. Qe2 Bb7 10. a3 Rc8 11. Bf2 Be7 12. g4 Nc5 13. g5 Nfd7 14. h4 Qc7 15. h5 Nb6 16. O-O-O d5 17. e5 Nc4 18. g6 O-O 19. h6 fxg6 20. hxg7 Rxf4 21. Rxh7 Nxd3+ 22. Qxd3 Kxh7 23. Qh3+ Kg8 24. Nxe6 Qxe5 25. Bg3 Qe3+ 26. Kb1 Rh4 27. Qg2 Qxe6 28. Bxh4 Bxh4 0-1


[Site "https://www.chess.com"]

[Event "Titled Tuesday Blitz October 18 Late 2022"]
[White "Przybylski, Wojciech"]
[Black "Sargsyan, Anna M."]
[WhiteFideId "1117599"]
[BlackFideId "13308130"]
[WhiteElo "2221"]
[BlackElo "2284"]
[Result "1-0"]
[Round "06"]
[TimeControl "180+1"]
[Date "2022.10.19"]
[WhiteClock "0:00:32"]
[BlackClock "0:00:16"]

1. e4 c6 2. d4 d5 3. Nc3 dxe4 4. Nxe4 Bf5 5. Ng3 Bg6 6. h4 h6 7. N1e2 e5 8. dxe5 Qa5+ 9. Bd2 Qxe5 10. Bc3 Qe6 11. Qd2 Nd7 12. O-O-O O-O-O 13. Kb1 Qe8 14. Nf4 Nc5 15. Qxd8+ Qxd8 16. Rxd8+ Kxd8 17. Nxg6 fxg6 18. Bc4 Nf6 19. Bf7 Nce4 20. Nxe4 Nxe4 21. Bd4 g5 22. Bg6 Bc5 23. Bxe4 Bxd4 24. Rd1 c5 25. c3 Kc7 26. cxd4 cxd4 27. hxg5 hxg5 28. Rxd4 Rh1+ 29. Kc2 Rf1 30. Rd2 a6 31. a3 b5 32. Kd3 Kb6 33. Ke2 Rc1 34. Kf3 Rc4 35. Bd5 Rf4+ 36. Kg3 Kc5 37. f3 a5 38. Be4 b4 39. Rd5+ Kb6 40. Rxg5 Rf7 41. a4 Rc7 42. Rb5+ Ka6 43. Bd3 Ka7 44. Rxa5+ Kb6 45. Rb5+ Kc6 46. Rxb4 1-0


[Site "https://www.chess.com"]

[Event "Titled Tuesday Blitz October 18 Late 2022"]
[White "Remolar Gallen, Jose"]
[Black "Rego, Pedro Filipe"]
[WhiteFideId "2215187"]
[BlackFideId "1904310"]
[WhiteElo "2214"]
[BlackElo "2200"]
[Result "1-0"]
[Round "06"]
[TimeControl "180+1"]
[Date "2022.10.19"]
[WhiteClock "0:00:04"]
[BlackClock "0:00:01"]

1. d4 Nf6 2. c4 e6 3. Nf3 d5 4. Nc3 c5 5. cxd5 Nxd5 6. e4 Nxc3 7. bxc3 cxd4 8. cxd4 Bb4+ 9. Bd2 Bxd2+ 10. Qxd2 O-O 11. Rd1 b6 12. Bd3 Nd7 13. O-O Bb7 14. Rfe1 Re8 15. e5 Bxf3 16. gxf3 h6 17. Kh1 Qh4 18. Re4 Qg5 19. Rf4 h5 20. Rg1 Qh6 21. h4 Rad8 22. Rg5 Nf8 23. Rf6 g6 24. Qf4 Qg7 25. Qe3 Rd7 26. Bb5 Red8 27. Bxd7 Nxd7 28. Rf4 Nb8 29. Qe4 Rd5 30. Qc2 Kh7 31. Qc7 Nd7 32. Qxa7 Qf8 33. Qa4 Kg7 34. Qc2 Qa3 35. Kg2 Qb4 36. Qe4 Qe7 37. Kh3 b5 38. Rg1 Nb6 39. Rc1 Nc4 40. Qb1 Rd7 41. Rf6 Rxd4 42. Rg1 Rd5 43. Rfxg6+ fxg6 44. Qxg6+ Kf8 45. Qg8# 1-0


[Site "https://www.chess.com"]

[Event "Titled Tuesday Blitz October 18 Late 2022"]
[White "Romero Ruscalleda, Josep"]
[Black "Malka, Samuel"]
[WhiteFideId "2231859"]
[BlackFideId "20643675"]
[WhiteElo "2313"]
[BlackElo "2463"]
[Result "1/2-1/2"]
[Round "06"]
[TimeControl "180+1"]
[Date "2022.10.19"]
[WhiteClock "0:00:20"]
[BlackClock "0:00:05"]

1. e4 c5 2. c3 d5 3. exd5 Qxd5 4. d4 Nc6 5. Nf3 Bf5 6. Be3 cxd4 7. cxd4 Bxb1 8. Rxb1 e6 9. Bd3 Nf6 10. O-O Bd6 11. b3 O-O 12. h3 h6 13. Re1 Rfc8 14. Qe2 Nb4 15. Bc4 Qf5 16. a3 Nbd5 17. b4 Nc3 18. Qd3 Qxd3 19. Bxd3 Nxb1 20. Rxb1 Rc3 21. Be2 Rxa3 22. Nd2 Rc8 23. Nc4 Ra6 24. b5 Rb6 25. Nxb6 axb6 26. Rc1 Rxc1+ 27. Bxc1 Nd5 28. g3 f5 29. Kg2 Kf7 30. Kf3 Kf6 31. Bc4 Bb4 32. g4 g5 33. h4 Bc3 34. hxg5+ hxg5 35. gxf5 Kxf5 36. Bxd5 exd5 37. Ke3 Kg4 38. f3+ Kh4 39. Kd3 Bb4 40. Be3 Bd6 41. Bf2+ Kh3 42. Be3 Bf4 43. Bf2 Kg2 44. Ke2 Bg3 45. Be3 Bf4 46. Bf2 Bc1 47. Be1 Bb2 48. Bf2 Bc1 49. Be1 Kh3 50. Bb4 Bb2 51. Be7 Bc1 52. Bd8 Kg3 53. Bxb6 Kf4 54. Bc7+ Kf5 55. Bd6 Bf4 56. Bb4 Ke6 57. Be1 Kd7 58. Kd3 Kc7 59. Ba5+ Kd6 60. Bb4+ Kc7 61. Bc5 Kd7 62. Bb6 Kd6 63. Ke2 Bg3 64. Ba7 Bf4 65. Bb8+ Ke6 66. Bxf4 gxf4 67. Kd3 Kd7 68. Kc3 b6 69. Kd2 Kd6 70. Ke2 Ke6 71. Kf2 Kf6 72. Kg2 Kg6 73. Kh2 Kh6 74. Kg2 Kg6 75. Kh2 Kf5 76. Kg2 Kg5 77. Kh3 Kh5 78. Kg2 Kh4 79. Kh2 Kg5 80. Kh3 Kh5 81. Kg2 Kg5 82. Kh3 1/2-1/2


[Site "https://www.chess.com"]

[Event "Titled Tuesday Blitz October 18 Late 2022"]
[White "Roque Sola, Gisela"]
[Black "Vujic, Mihailo"]
[WhiteFideId "5120241"]
[BlackFideId "918873"]
[WhiteElo "1961"]
[BlackElo "2256"]
[Result "1/2-1/2"]
[Round "06"]
[TimeControl "180+1"]
[Date "2022.10.19"]
[WhiteClock "0:00:25"]
[BlackClock "0:00:03"]

1. e4 e5 2. Nf3 Nc6 3. Bb5 f5 4. d3 fxe4 5. dxe4 Nf6 6. O-O Bc5 7. Bxc6 bxc6 8. Nxe5 O-O 9. Nd3 Bb6 10. Nc3 d6 11. Be3 Bxe3 12. fxe3 Ng4 13. Rxf8+ Qxf8 14. Qf3 Qxf3 15. gxf3 Nxe3 16. Ne1 Nc4 17. b3 Ne5 18. Kf2 Bd7 19. Nd3 Nxd3+ 20. cxd3 Rf8 21. Ke3 Be6 22. f4 g6 23. Rg1 Kf7 24. d4 Ke7 25. Rg5 Kd7 26. Ra5 Ra8 27. d5 cxd5 28. exd5 Bf5 29. Kd4 a6 30. b4 h6 31. b5 g5 32. fxg5 hxg5 33. bxa6 Kc8 34. Nb5 Bd7 35. Na3 Kb8 36. Nc4 Ka7 37. Ra3 Rh8 38. Ne3 Rxh2 39. Rc3 Rh4+ 40. Kd3 Bb5+ 41. Kc2 Kxa6 42. Rxc7 Kb6 43. Rg7 Rh5 44. Nf5 Kc5 45. Ng3 Rh2+ 46. Kc3 Rxa2 47. Rxg5 Ra3+ 48. Kb2 Re3 49. Nf5 Re5 50. Kc3 Bd7 51. Nxd6 Kxd6 52. Rxe5 Kxe5 53. d6 Kxd6 1/2-1/2


[Site "https://www.chess.com"]

[Event "Titled Tuesday Blitz October 18 Late 2022"]
[White "Rustemov, Alexander"]
[Black "Holt, Conrad"]
[WhiteFideId "4119002"]
[BlackFideId "2034387"]
[WhiteElo "2760"]
[BlackElo "2592"]
[Result "0-1"]
[Round "06"]
[TimeControl "180+1"]
[Date "2022.10.18"]
[WhiteClock "0:00:03"]
[BlackClock "0:00:10"]

1. d4 d5 2. c4 c6 3. Nc3 dxc4 4. e4 b5 5. a4 b4 6. Na2 Nf6 7. e5 Nd5 8. Bxc4 e6 9. Nf3 Be7 10. Bd2 a5 11. Nc1 Nb6 12. Bd3 c5 13. dxc5 N6d7 14. Nb3 Bb7 15. Be3 O-O 16. Qc2 Bxf3 17. gxf3 Nc6 18. Bxh7+ Kh8 19. Be4 Ndxe5 20. f4 f5 21. fxe5 fxe4 22. Qxe4 Rc8 23. Rg1 Rf5 24. f4 Qe8 25. O-O-O Nd8 26. Qg2 Bf8 27. Kb1 Qxa4 28. Qc2 Qe8 29. Nxa5 Ra8 30. Nb3 Qa4 31. Qc4 Rh5 32. Rg2 Rh3 33. Re2 Be7 34. Kc2 Qe8 35. Ra1 Rc8 36. Ra6 Qh5 37. Kb1 Qf5+ 38. Qc2 Qg4 39. Bc1 Nc6 40. Qe4 Rh5 41. Rxc6 Rxc6 42. Qxc6 Qxe2 43. Qe8+ Kh7 44. Qxe7 Qd3+ 45. Ka2 Qa6+ 46. Kb1 Qd3+ 47. Ka2 Qa6+ 48. Kb1 Qc4 49. Nd2 Qd3+ 50. Ka2 Qa6+ 51. Kb3 Rh3+ 52. Kxb4 Rd3 53. Qc7 Rd4+ 54. Kb3 Qd3+ 55. Ka2 Ra4# 0-1


[Site "https://www.chess.com"]

[Event "Titled Tuesday Blitz October 18 Late 2022"]
[White "Sabar, Ethmane Daouda"]
[Black "Mazurkiewicz, Michal"]
[WhiteFideId "19600097"]
[BlackFideId "1124943"]
[WhiteElo "1950"]
[BlackElo "2063"]
[Result "0-1"]
[Round "06"]
[TimeControl "180+1"]
[Date "2022.10.19"]
[WhiteClock "0:00:01"]
[BlackClock "0:00:06"]

1. b3 Nf6 2. Bb2 g6 3. Bxf6 exf6 4. c4 Bg7 5. Nc3 f5 6. Rc1 f4 7. e3 fxe3 8. dxe3 O-O 9. g3 d6 10. Bg2 c6 11. Nge2 Qe7 12. O-O Be6 13. Nf4 Bf5 14. Re1 Na6 15. e4 Bd7 16. f3 Rad8 17. Qe2 h5 18. Nd3 h4 19. f4 Bc8 20. Qf3 Nc5 21. Ne2 h3 22. Bh1 Bg4 23. Qe3 Ne6 24. Nf2 Bxe2 25. Qxe2 Nd4 26. Qg4 Qc7 27. Qxh3 Qa5 28. Ng4 Qxa2 29. Nh6+ Bxh6 30. Qxh6 Ne2+ 31. Kf1 Nxc1 32. Rxc1 Qxb3 33. f5 Qd3+ 34. Kg1 Qd4+ 35. Kf1 Qh8 36. Qg5 Qxh2 37. Bg2 Qh5 38. Qf4 g5 39. Qe3 f6 40. Kf2 Kg7 41. Rh1 Qf7 42. Qc3 Rh8 43. Rd1 Qe7 44. Qa3 a6 45. Qb4 c5 46. Qb6 Rd7 47. Rd5 Rh2 48. Kg1 Rxg2+ 49. Kxg2 Qxe4+ 50. Kf2 Qc2+ 51. Kf3 Re7 52. Kg4 Qe4+ 53. Kh3 Qh1+ 0-1


[Site "https://www.chess.com"]

[Event "Titled Tuesday Blitz October 18 Late 2022"]
[White "Sala, Giulia"]
[Black "Quispe Santacruz, Javier"]
[WhiteFideId "2840451"]
[BlackFideId "3800920"]
[WhiteElo "1769"]
[BlackElo "1930"]
[Result "1-0"]
[Round "06"]
[TimeControl "180+1"]
[Date "2022.10.19"]
[WhiteClock "0:01:05"]
[BlackClock "0:00:04"]

1. e4 e5 2. Nf3 Nc6 3. Bc4 Bc5 4. O-O Nf6 5. d4 Bxd4 6. Nxd4 Nxd4 7. f4 d6 8. fxe5 dxe5 9. Bg5 Qe7 10. c3 Nc6 11. Na3 Be6 12. Bxe6 Qxe6 13. Nb5 Rc8 14. Bxf6 gxf6 15. Qf3 Ke7 16. Rad1 a6 17. Na3 Rhg8 18. b3 Rg6 19. Nc4 Rcg8 20. g3 h5 21. Ne3 h4 22. Nf5+ Ke8 23. Nxh4 Rh6 24. Nf5 Rh3 25. Rf2 Ne7 26. Rfd2 Nc6 27. Qg2 Rh5 28. Qf3 Rhg5 29. Qd3 Rxf5 30. exf5 Qe7 31. Qd7+ Qxd7 32. Rxd7 Rg5 33. Rxc7 Rxf5 34. Rxb7 Rf3 35. c4 Nd4 36. Rb6 Rc3 37. Rxa6 Rc2 38. Rxf6 Ke7 39. Rf2 1-0


[Site "https://www.chess.com"]

[Event "Titled Tuesday Blitz October 18 Late 2022"]
[White "Sanchez, Robert"]
[Black "Cosoi Scherzer, Alejandro"]
[WhiteFideId "2034360"]
[BlackFideId "3401430"]
[WhiteElo "2371"]
[BlackElo "1967"]
[Result "1-0"]
[Round "06"]
[TimeControl "180+1"]
[Date "2022.10.19"]
[WhiteClock "0:01:06"]
[BlackClock "0:00:03"]

1. e4 e5 2. Nf3 Nf6 3. Nxe5 d6 4. Nf3 Nxe4 5. Nc3 Nxc3 6. dxc3 Be7 7. Bd3 Nc6 8. Be3 Be6 9. Qd2 Qd7 10. h3 Bf6 11. Nd4 Nxd4 12. cxd4 d5 13. c3 Bf5 14. g4 Bxd3 15. Qxd3 h6 16. O-O-O O-O-O 17. Kb1 Rhe8 18. f4 g6 19. g5 hxg5 20. fxg5 Bg7 21. h4 Re4 22. h5 gxh5 23. Rxh5 Rde8 24. Bc1 Qf5 25. Rf1 Qg6 26. Rhh1 Kb8 27. a3 a6 28. Ka2 R8e7 29. Qh3 Re2 30. Qh7 Qxh7 31. Rxh7 Bf8 32. Rh8 Re8 33. Rxf7 Re1 34. Bf4 Ka7 35. Rhxf8 Rxf8 36. Rxf8 Rg1 37. Rf7 Rg4 38. Bxc7 a5 39. Bf4 a4 40. Rf5 Ka6 41. Be5 b5 42. Rf6+ Ka5 43. Bc7# 1-0


[Site "https://www.chess.com"]

[Event "Titled Tuesday Blitz October 18 Late 2022"]
[White "Sernecki, Franciszek"]
[Black "Sibilio, Mario"]
[WhiteFideId "1169297"]
[BlackFideId "800422"]
[WhiteElo "2209"]
[BlackElo "2296"]
[Result "1-0"]
[Round "06"]
[TimeControl "180+1"]
[Date "2022.10.19"]
[WhiteClock "0:00:39"]
[BlackClock "0:00:01"]

1. c4 Nf6 2. Nc3 e6 3. e4 d5 4. cxd5 exd5 5. e5 Ne4 6. Nf3 Bc5 7. d4 Bb4 8. Qb3 c5 9. Bd2 Nxd2 10. Nxd2 cxd4 11. Qxb4 Nc6 12. Bb5 dxc3 13. Qxc3 O-O 14. Bxc6 bxc6 15. Qxc6 Rb8 16. Nb3 Rb6 17. Qc3 Ba6 18. O-O-O Qg5+ 19. Kb1 Rc8 20. Qg3 Qf5+ 21. Ka1 Rg6 22. Qf3 Qxf3 23. gxf3 Be2 24. Rd2 Bxf3 25. Re1 Rgc6 26. a3 Be4 27. Nd4 Rc1+ 28. Rxc1 Rxc1+ 29. Ka2 Bb1+ 30. Kb3 g6 31. Ne2 Rc5 32. Nc3 Be4 33. Kb4 Rc4+ 34. Kb5 Rc7 35. Nxe4 dxe4 36. b4 Kf8 37. Re2 Ke7 38. Rxe4 Ke6 39. f4 Kd5 40. Re3 Kd4 41. Re1 Rc3 42. a4 Rf3 43. Ka6 Rxf4 44. b5 Kc5 45. a5 Rc4 46. e6 fxe6 47. Rxe6 Kb4 48. Rc6 1-0


[Site "https://www.chess.com"]

[Event "Titled Tuesday Blitz October 18 Late 2022"]
[White "Shapiro, Daniel"]
[Black "Martin Carmona, Gaston Manuel"]
[WhiteFideId "2001780"]
[BlackFideId "22284567"]
[WhiteElo "2219"]
[BlackElo "2235"]
[Result "0-1"]
[Round "06"]
[TimeControl "180+1"]
[Date "2022.10.19"]
[WhiteClock "0:00:03"]
[BlackClock "0:00:58"]

1. d4 Nf6 2. c4 c5 3. d5 b5 4. cxb5 a6 5. e3 g6 6. Nc3 Bg7 7. a4 axb5 8. Bxb5 Bb7 9. Nf3 O-O 10. O-O d6 11. h3 Na6 12. e4 Nc7 13. Bc4 Ba6 14. Qd3 Bxc4 15. Qxc4 Nd7 16. Bf4 Qb8 17. Rfb1 Nb6 18. Qe2 Na6 19. e5 Nb4 20. Rd1 Rd8 21. exd6 exd6 22. a5 Nc8 23. Ne4 Qb7 24. Bg5 Na7 25. Bxd8 Rxd8 26. Qd2 Nb5 27. Nc3 Nd4 28. Nxd4 Bxd4 29. Ne2 Be5 30. f4 Bf6 31. a6 Nxa6 32. Qa5 Nb4 33. Qa7 Qxa7 34. Rxa7 Bxb2 35. f5 Re8 36. Ng3 Bd4+ 37. Kh1 Nxd5 38. Rf1 Ne3 39. Rf3 g5 0-1


[Site "https://www.chess.com"]

[Event "Titled Tuesday Blitz October 18 Late 2022"]
[White "Shimanov, Aleksandr"]
[Black "Yuan, Qingyu"]
[WhiteFideId "4198603"]
[BlackFideId "8609772"]
[WhiteElo "2605"]
[BlackElo "2359"]
[Result "0-1"]
[Round "06"]
[TimeControl "180+1"]
[Date "2022.10.18"]
[WhiteClock "0:01:09"]
[BlackClock "0:00:08"]

1. b3 d5 2. Bb2 c5 3. e3 Nf6 4. Nf3 g6 5. Bb5+ Nbd7 6. Bxf6 exf6 7. O-O Bg7 8. d4 O-O 9. Nc3 Qa5 10. Qd2 cxd4 11. Nxd4 Nb6 12. a3 Nd7 13. b4 Qd8 14. Nxd5 a6 15. Ba4 b5 16. Bb3 Bb7 17. Rad1 Ne5 18. e4 Rc8 19. Qf4 f5 20. Ne3 Qb6 21. exf5 Nc4 22. Ng4 Rfe8 23. f6 Re4 24. Qg5 h5 25. Nf5 Rxg4 26. Ne7+ Kh7 27. Nxc8 Rxg5 28. Nxb6 Rxg2+ 29. Kh1 Rxf2+ 30. Nd5 Bxd5+ 31. Rxd5 Rxf1+ 32. Kg2 Ne3+ 33. Kg3 Nxd5 34. fxg7 Nf6 35. Bxf7 Ne4+ 36. Kh4 Rf4+ 37. Kh3 Rxf7 38. c4 bxc4 39. b5 c3 40. bxa6 c2 41. a7 Rxa7 42. a4 c1=Q 43. a5 Qf4 44. a6 Qg4# 0-1


[Site "https://www.chess.com"]

[Event "Titled Tuesday Blitz October 18 Late 2022"]
[White "Shuvalov, Evgenij"]
[Black "Fernandez De La Vara, Arnaldo"]
[WhiteFideId "4187237"]
[BlackFideId "3518388"]
[WhiteElo "2049"]
[BlackElo "2387"]
[Result "1/2-1/2"]
[Round "06"]
[TimeControl "180+1"]
[Date "2022.10.19"]
[WhiteClock "0:00:39"]
[BlackClock "0:00:04"]

1. d4 c5 2. d5 Nf6 3. c4 a6 4. Nc3 b5 5. cxb5 g6 6. e4 d6 7. Nf3 Bg7 8. a4 O-O 9. Ra3 Nbd7 10. h3 Ne8 11. bxa6 Bxa6 12. Bxa6 Rxa6 13. O-O Nc7 14. Nd2 Nb6 15. a5 Nd7 16. Nc4 Qa8 17. Qe2 Rb8 18. Bf4 Rb4 19. Rfa1 Qb7 20. R1a2 h6 21. Kf1 Kh7 22. Na4 Qb5 23. Nab6 Nxb6 24. axb6 Rxa3 25. Rxa3 Na6 26. Ra5 Qxc4 27. Qxc4 Rxc4 28. Rxa6 Rb4 29. Bc1 Bd4 30. f3 Kg7 31. Ra7 Kf6 32. b7 c4 33. Ra4 Rxb7 34. Rxc4 Bxb2 35. Bxh6 g5 36. f4 gxf4 37. Bxf4 Be5 38. g3 Rb2 39. Kg1 Re2 40. h4 Bxf4 41. gxf4 Kg6 42. Kf1 Rh2 43. e5 Kf5 44. exd6 exd6 45. Rc6 Rxh4 46. Rxd6 Rxf4+ 47. Ke2 Ke5 48. Rd8 f5 49. d6 Ke6 50. Ke3 Re4+ 51. Kf3 Rd4 52. Re8+ Kxd6 53. Rd8+ Ke5 54. Rxd4 Kxd4 55. Kf4 Kd5 56. Kxf5 1/2-1/2


[Site "https://www.chess.com"]

[Event "Titled Tuesday Blitz October 18 Late 2022"]
[White "Sukandar, Irine Kharisma"]
[Black "Machidon, Cristi"]
[WhiteFideId "7101937"]
[BlackFideId "13904590"]
[WhiteElo "2301"]
[BlackElo "2312"]
[Result "1-0"]
[Round "06"]
[TimeControl "180+1"]
[Date "2022.10.19"]
[WhiteClock "0:00:09"]
[BlackClock "0:00:01"]

1. e4 Nf6 2. e5 Nd5 3. c4 Nb6 4. d4 d6 5. exd6 exd6 6. Nc3 Be7 7. h3 O-O 8. Nf3 Bf6 9. Be2 Nc6 10. O-O Bf5 11. Bf4 Re8 12. Rc1 h6 13. b3 d5 14. c5 Nc8 15. Re1 N8e7 16. a3 a6 17. b4 Be4 18. Ne5 Bxe5 19. dxe5 Ng6 20. Bg3 Ngxe5 21. b5 axb5 22. Bxb5 Rxa3 23. f3 Bg6 24. Qxd5 Qf6 25. Bxc6 bxc6 26. Bxe5 cxd5 27. Bxf6 Rxe1+ 28. Rxe1 gxf6 29. Nxd5 Kg7 30. Nxc7 Rc3 31. Ne8+ Kf8 32. Nxf6 Kg7 33. Ne8+ Kf8 34. Nf6 Kg7 35. Nd7 Bf5 36. Ne5 Rxc5 37. g4 Be6 38. Kf2 Bd5 39. Re3 Rc2+ 40. Kg3 Ra2 41. h4 Ra5 42. h5 Be6 43. Nc6 Ra6 44. Nd4 Bd7 45. Rc3 Rd6 46. Rc4 Kf6 47. Kf4 Rd5 48. Ke4 Rd6 49. Rc5 Be8 50. Rf5+ Kg7 51. Re5 Bd7 52. Re7 Kf6 53. Re5 Bc6+ 54. Nxc6 Rxc6 55. Rb5 Rc4+ 56. Ke3 Rc3+ 57. Kf4 Rc4+ 58. Kg3 Rc3 59. Rb6+ Kg7 60. Ra6 Rb3 61. Kf4 Rc3 62. Ke4 Rb3 63. f4 Rg3 64. Kf5 Rg2 65. Ra7 Rg1 66. Ra4 Rb1 67. Ra5 Rf1 68. g5 hxg5 69. Kxg5 Rg1+ 70. Kf5 Rh1 71. Kg4 Rg1+ 72. Kf3 Rh1 73. Rg5+ Kh6 74. Ke4 f6 75. Rg6+ Kxh5 76. Rxf6 Kg4 77. Rg6+ Kh5 78. Rg2 Re1+ 79. Kf5 Kh6 80. Kf6 Rf1 81. Rh2# 1-0


[Site "https://www.chess.com"]

[Event "Titled Tuesday Blitz October 18 Late 2022"]
[White "Tan, Ralph"]
[Black "Rodriguez Santiago, Jaime"]
[WhiteFideId "30966590"]
[BlackFideId "3100898"]
[WhiteElo "2059"]
[BlackElo "2025"]
[Result "1-0"]
[Round "06"]
[TimeControl "180+1"]
[Date "2022.10.19"]
[WhiteClock "0:01:14"]
[BlackClock "0:00:28"]

1. Nf3 Nf6 2. g3 g6 3. Bg2 Bg7 4. O-O O-O 5. d4 d5 6. c4 c6 7. Nbd2 dxc4 8. Nxc4 Nbd7 9. b3 Nb6 10. Nce5 Bf5 11. Bb2 Be4 12. Rc1 Nbd5 13. Bh3 Qa5 14. a3 Qa6 15. Ng5 Bf5 16. Bg2 h6 17. Nh3 Be6 18. e4 Nc7 19. Nf4 Bc8 20. d5 Nb5 21. dxc6 bxc6 22. Nxc6 Bg4 23. Qe1 Rfe8 24. e5 Nd7 25. Nb4 Qc8 26. Rxc8 Raxc8 27. e6 Bxb2 28. exd7 Bxa3 29. dxe8=Q+ Rxe8 30. Nbd5 1-0


[Site "https://www.chess.com"]

[Event "Titled Tuesday Blitz October 18 Late 2022"]
[White "Ter-Sahakyan, Samvel"]
[Black "Guliyev, Namig"]
[WhiteFideId "13302531"]
[BlackFideId "13400363"]
[WhiteElo "2604"]
[BlackElo "2526"]
[Result "0-1"]
[Round "06"]
[TimeControl "180+1"]
[Date "2022.10.18"]
[WhiteClock "0:00:05"]
[BlackClock "0:00:16"]

1. e4 e5 2. Nf3 Nf6 3. Nxe5 Nxe4 4. Qe2 Qe7 5. Qxe4 d6 6. d4 dxe5 7. dxe5 Nc6 8. Nc3 Qxe5 9. Qxe5+ Nxe5 10. Bf4 f6 11. Nb5 Bb4+ 12. c3 Ba5 13. O-O-O a6 14. Na3 b5 15. Bxe5 fxe5 16. Nc2 O-O 17. f3 Be6 18. a3 e4 19. fxe4 c5 20. Be2 Bc7 21. Bf3 Rad8 22. h3 Bf4+ 23. Kb1 Bb3 24. Rxd8 Rxd8 25. Rd1 Rxd1+ 26. Bxd1 Kf7 27. Bg4 Kf6 28. Bc8 Bc4 29. b4 Bf1 30. g4 cxb4 31. axb4 Ke5 32. h4 Kxe4 33. Bf5+ Kf3 34. Nd4+ Kg3 35. h5 h6 36. Ne6 Be5 37. Kc2 Be2 38. Nc5 Bxg4 39. Bg6 Kf4 40. Nxa6 Kg5 0-1


[Site "https://www.chess.com"]

[Event "Titled Tuesday Blitz October 18 Late 2022"]
[White "Thiel, Thomas"]
[Black "Bongo Akanga Ndjila, Barthelemy"]
[WhiteFideId "4615964"]
[BlackFideId "10609431"]
[WhiteElo "2249"]
[BlackElo "1768"]
[Result "1-0"]
[Round "06"]
[TimeControl "180+1"]
[Date "2022.10.19"]
[WhiteClock "0:01:29"]
[BlackClock "0:01:24"]

1. e4 c6 2. d4 d5 3. exd5 cxd5 4. c4 Nf6 5. Nc3 e6 6. Nf3 Nc6 7. c5 Be7 8. Bd3 Nd7 9. O-O b6 10. Bb5 Bb7 11. Qa4 Qc8 12. b4 O-O 13. Bxc6 Bxc6 14. b5 bxc5 15. bxc6 Nb6 16. Qb5 cxd4 17. Nxd4 Nc4 18. Bf4 Bd6 19. Bxd6 Nxd6 20. Qc5 Ne4 21. Nxe4 dxe4 22. Rac1 Rd8 23. Nb5 Rd5 24. Qc4 a6 25. Nc3 Rg5 26. Nxe4 Rd5 27. Rfd1 Rxd1+ 28. Rxd1 Ra7 29. g3 h5 30. Rd6 Rc7 31. Qd4 Kh7 32. Ng5+ Kg6 33. Nf3 Rxc6 34. Qe4+ f5 35. Qxc6 1-0


[Site "https://www.chess.com"]

[Event "Titled Tuesday Blitz October 18 Late 2022"]
[White "Timmermans, Mark"]
[Black "Pap, Gyula"]
[WhiteFideId "1026399"]
[BlackFideId "725323"]
[WhiteElo "2460"]
[BlackElo "2519"]
[Result "1-0"]
[Round "06"]
[TimeControl "180+1"]
[Date "2022.10.18"]
[WhiteClock "0:01:46"]
[BlackClock "0:00:15"]

1. b4 e5 2. Bb2 Bxb4 3. Bxe5 Nf6 4. Nc3 Ba5 5. e3 c5 6. Nf3 Nc6 7. Bxf6 Qxf6 8. Nd5 Qd6 9. c4 O-O 10. Be2 Ne7 11. Nxe7+ Qxe7 12. O-O b6 13. d4 Bb7 14. Rb1 Rad8 15. d5 d6 16. Bd3 Bc8 17. Nd2 g6 18. Qc2 Bxd2 19. Qxd2 f5 20. Rfe1 Bd7 21. g3 Rb8 22. e4 f4 23. e5 fxg3 24. hxg3 dxe5 25. f4 e4 26. Rxe4 Qg7 27. Rbe1 Rf7 28. Re5 Rbf8 29. d6 Bc6 30. Be4 Bxe4 31. R1xe4 Rd7 32. Re7 Qa1+ 33. Re1 1-0


[Site "https://www.chess.com"]